 Dungeon Crawl Stone Soup version 0.21.1-1-g345015fe64 (webtiles) character file.

1197 mybrothers the Chopper (level 8, -5/62 HPs)
             Began as a Demonspawn Abyssal Knight on July 20, 2018.
             Was a Priest of Lugonu.
             Slain by imnir's ghost (14 damage)
             ... on level 5 of the Dungeon.
             The game lasted 00:55:53 (6240 turns).

mybrothers the Chopper (Demonspawn Abyssal Knight)  Turns: 6240, Time: 00:55:53

Health: -5/62      AC:  6    Str: 19    XL:     8   Next: 20%
Magic:  10/10      EV: 13    Int: 15    God:    Lugonu [***...]
Gold:   195        SH:  2    Dex: 12    Spells: 6/7 levels left

rFire    . . .     SeeInvis .   u - +0 whip (freeze)
rCold    + . .     Gourm    .   (no shield)
rNeg     . . .     Faith    .   Q - +1 leather armour {rPois}
rPois    +         Spirit   .   (no helmet)
rElec    .         Reflect  +   r - scarf {repulsion}
rCorr    .         Harm     .   (no gloves)
MR       .....                  (no boots)
Stlth    +.........             q - +2 amulet of reflection
HPRegen  0.20/turn              A - ring of ice
MPRegen  0.12/turn              (no ring)

@: mighty, repel missiles
A: hooves 2, thin metallic scales 1, fire resistance 1, powered by pain 1
a: Depart the Abyss, Bend Space, Banish, Renounce Religion


You were on level 5 of the Dungeon.
You worshipped Lugonu.
Lugonu was most pleased with you.
You were not hungry.

You visited 2 branches of the dungeon, and saw 6 of its levels.
You visited the Abyss 1 time.

You collected 195 gold pieces.

Inventory:

Hand Weapons
 a - a +1 hand axe
 u - a +0 whip of freezing (weapon)
 x - a +2 flail of holy wrath
 S - a +0 blowgun
Missiles
 p - 6 needles of confusion
 t - 25 bolts
 L - 8 needles of paralysis (quivered)
 U - 26 poisoned needles
 X - 28 arrows
Armour
 m - a +0 large shield
 r - a scarf of repulsion (worn)
 C - a +0 scale mail
 D - a +0 ring mail
 Q - a +1 leather armour of poison resistance (worn)
 W - a +0 scale mail
Jewellery
 q - a +2 amulet of reflection (around neck)
 A - a ring of ice (left hand)
 E - an uncursed amulet of harm {unknown}
Wands
 y - a wand of digging (8)
 z - a wand of acid (5)
Scrolls
 e - a scroll of random uselessness
 f - 2 scrolls of remove curse {unknown}
 k - a scroll of fear {unknown}
 v - a scroll of noise {unknown}
 w - a scroll of teleportation {unknown}
 K - a scroll of magic mapping {unknown}
 Y - a scroll of amnesia {unknown}
 Z - a scroll of identify
Potions
 g - a potion of heal wounds {unknown}
 i - a potion of degeneration {unknown}
 j - 2 potions of lignification
 n - 2 potions of agility {unknown}
 o - a potion of might {unknown}
 s - 3 potions of curing
Books
 O - a book of Cantrips

   Spells                             Type                      Level
   a - Confusing Touch                Hexes                        1
   b - Animate Skeleton               Necromancy                   1
   c - Summon Small Mammal            Summoning                    1
   d - Apportation                    Translocation                1
Comestibles
 b - 3 chunks of flesh
 c - 6 rations


   Skills:
 + Level 5.0 Fighting
 + Level 5.3 Axes
   Level 1.3 Slings
 + Level 4.8 Armour
 + Level 3.2 Dodging
 + Level 1.1 Stealth
 + Level 0.4 Spellcasting
 + Level 0.2 Summonings
 + Level 3.5 Invocations


You had 6 spell levels left.
You knew the following spells:

 Your Spells              Type           Power        Failure   Level  Hunger
a - Summon Small Mammal   Summ           #...         28%         1    ##.....


Dungeon Overview and Level Annotations

Branches:
Dungeon (5/15)             Temple (1/1) D:4

Altars:
Ashenzari
Cheibriados
Dithmenos
Elyvilon
Gozag
Hepliaklqana
Makhleb
Nemelex Xobeh
Qazlal
Sif Muna
Trog
Vehumet
Xom
Yredelemnul
Zin

Annotations:
D:5 imnir's ghost, novice MiBe


Innate Abilities, Weirdness & Mutations

You have hoof-like feet.
You are partially covered in thin metallic scales. (AC +2)
Your flesh is heat resistant. (rF+)
You sometimes gain a little power by taking damage.


Message History

Imnir's ghost hits you but does no damage.
You completely miss imnir's ghost. Your kick misses imnir's ghost.
Imnir's ghost is lightly damaged.
Imnir's ghost closely misses you.
You closely miss imnir's ghost.
You kick imnir's ghost, but do no damage.
Imnir's ghost is lightly damaged.
Imnir's ghost hits you!
You focus on the pain.
You feel very mighty all of a sudden.
You hit imnir's ghost. You freeze imnir's ghost. You kick imnir's ghost.
Imnir's ghost is moderately damaged.
Imnir's ghost barely misses you.
You closely miss imnir's ghost.
Imnir's ghost is moderately damaged.
Imnir's ghost hits you!
* * * LOW HITPOINT WARNING * * *
You focus on the pain.
You feel mightier all of a sudden. Imnir's ghost hits you!
You die...

...# #.# #........... #.##
#.# ####.######.### #.#
#.######.# #...... #
#.#####........## #.....##.#
#......######...###......#.#
######.# ##.....##........
##..#.# ##.......#>.....##
##.#...###.....W...####...##
..###....'......@)<'.......#
##.#..####...).....####...##
##.>## ##.......## #.#.#
#.## ##.....## .###.# #.#
###.).####### .# #.#
#.........# .# ###.#####
#.##.####.# .# ........# #.
#.. ###.###.### #..#


You could see imnir's ghost.

Vanquished Creatures
  Pikel (D:4)
  Sigmund (D:4)
  A phantom (D:4)
  A scorpion (D:5)
  A crimson imp (D:5)
  A hound (D:5)
  A bullfrog skeleton (D:4)
  Jessica (D:2)
  2 orc wizards (D:5)
  A worker ant (D:5)
  12 adders
  A river rat (D:3)
  A shadow imp (D:4)
  An ooze (D:1)
  4 worms
  4 dart slugs
  4 leopard geckos
  5 orcs
  11 bats
  3 giant cockroaches
  5 goblins
  7 hobgoblins
  10 jackals
  8 kobolds
  2 quokkas (D:3)
  6 ball pythons (D:2)
  10 frilled lizards (D:3)
  7 rats
  3 plants (D:2)
115 creatures vanquished.

Vanquished Creatures (others)
  A quokka (D:5)
  4 plants (D:3)
5 creatures vanquished.

Grand Total: 120 creatures vanquished

Notes
Turn   | Place    | Note
-------+----------+-------------------------------------------
     0 | Abyss:1  | mybrothers the Demonspawn Abyssal Knight began the quest for the Orb.
     0 | Abyss:1  | Reached XP level 1. HP: 18/18 MP: 2/2
    14 | Abyss:1  | Found a sacrificial altar of Ru.
    53 | D:1      | Escaped the Abyss
   505 | D:1      | Gained mutation: You sometimes gain a little power by taking damage. [demonic ancestry]
   505 | D:1      | Reached XP level 2. HP: 22/24 MP: 3/3
  1005 | D:2      | Noticed Jessica
  1014 | D:2      | Killed Jessica
  1014 | D:2      | Gained mutation: You have large cloven feet. [demonic ancestry]
  1014 | D:2      | Reached XP level 3. HP: 30/30 MP: 5/5
  1187 | D:2      | Reached skill level 1 in Dodging
  1392 | D:2      | Gained mutation: You are partially covered in thin metallic scales. (AC +2) [demonic ancestry]
  1392 | D:2      | Reached XP level 4. HP: 34/37 MP: 6/6
  1400 | D:2      | Reached ** piety under Lugonu
  2424 | D:3      | Reached XP level 5. HP: 42/42 MP: 7/7
  2772 | D:3      | Reached *** piety under Lugonu
  3350 | D:4      | Noticed Sigmund
  3350 | D:4      | Noticed a slave
  3352 | D:4      | Noticed Pikel
  3637 | D:4      | Found a white marble altar of Elyvilon.
  3778 | D:3      | Learned a level 1 spell: Summon Small Mammal
  3794 | D:4      | Killed Sigmund
  3794 | D:4      | Reached skill level 1 in Slings
  3794 | D:4      | Gained mutation: Your flesh is heat resistant. (rF+) [demonic ancestry]
  3794 | D:4      | Reached XP level 6. HP: 19/49 MP: 8/8
  4072 | D:4      | Found a snail-covered altar of Cheibriados.
  4126 | D:4      | Found a staircase to the Ecumenical Temple.
  4170 | D:4      | Noticed a slave
  4171 | D:4      | Noticed a slave
  4172 | D:4      | Noticed a slave
  4242 | D:4      | Killed Pikel
  4242 | D:4      | Reached skill level 1 in Stealth
  4242 | D:4      | Gained mutation: You have hoof-like feet. [demonic ancestry]
  4242 | D:4      | Reached XP level 7. HP: 15/55 MP: 9/9
  4307 | D:4      | Reached skill level 5 in Axes
  5101 | Temple   | Entered the Ecumenical Temple
  5273 | D:5      | Entered Level 5 of the Dungeon
  5338 | D:5      | Reached XP level 8. HP: 53/61 MP: 10/10
  5410 | D:5      | Reached skill level 5 in Fighting
  5672 | D:5      | Noticed imnir's ghost (novice MiBe)
  6240 | D:5      | Slain by imnir's ghost

Skill      XL: |  1  2  3  4  5  6  7  8 |
---------------+-------------------------+-----
Axes           | 2 3 4 5 |  5.3
Armour         | 2 3 4 |  4.8
Fighting       | 4 5 |  5.0
Dodging        | 1 2 3 |  3.2
Invocations    | 3 |  3.5
Slings         | 1 |  1.3
Stealth        | 1 |  1.1
Spellcasting   | |  0.4
Summonings     | |  0.2

Action                   |  1- 3 |  4- 6 |  7- 9 || total
-------------------------+-------+-------+-------++-------
Melee: Hand axe          |    70 |   353 |   101 ||   524
       Kick              |     3 |    95 |    42 ||   140
       Whip              |       |       |    34 ||    34
       Scythe            |       |       |     6 ||     6
 Fire: Hunting sling     |       |    10 |       ||    10
Throw: Stone             |     3 |       |       ||     3
 Cast: Summon Small Mamm |       |       |     3 ||     3
Invok: Bend Space        |       |     4 |       ||     4
       Banish            |       |       |     1 ||     1
  Use: Scroll            |     1 |     1 |     2 ||     4
       Potion            |       |     3 |       ||     3
  Eat: Chunk             |     1 |     7 |     2 ||    10
       Ration            |       |     1 |     2 ||     3
Armor: Leather armour    |    25 |    73 |    35 ||   133
Dodge: Dodged            |    43 |   175 |    87 ||   305
       Deflected         |       |     3 |       ||     3
Block: Other             |       |       |     4 ||     4
